 Dungeon Crawl Stone Soup version 0.30.0-17-ge0270778cf (webtiles) character file.

Game seed: 4474766641067284347

221464 hamfred the Bludgeoner (level 18, -1/304 HPs)
             Began as a Minotaur Berserker on May 22, 2023.
             Was the Champion of Trog.
             Slain by the Royal Jelly (18 damage)
             ... on level 5 of the Pits of Slime.
             The game lasted 02:44:15 (37652 turns).

hamfred the Bludgeoner (Minotaur Berserker)        Turns: 37652, Time: 02:44:16

Health: -1/304     AC: 23    Str: 33    XL:     18   Next: 50%
Magic:  0/17       EV: 11    Int:  4    God:    Trog [******]
Gold:   808        SH: 17    Dex: 11    Spells: 17/17 levels left

rFire   . . .        A - +6 hand axe "Roesufes" {flame, rElec rCorr}
rCold   . . .        l - +5 buckler of Ruigy {Str+3}
rNeg    . . .        N - +4 crystal plate armour
rPois   +            v - +2 hat of the Bear Spirit {Spirit, Bear, *Rage Will++}
rElec   +            (no cloak)
rCorr   +            D - +0 pair of gloves
SInv    .            e - +0 pair of boots of Harruydo {rPois Dex+3}
Will    +++..        K - amulet of reflection Stlth
                     L - ring of resist corrosion
HPRegen 0.70/turn    V - +4 ring of protection
MPRegen 0.15/turn

%: random rage (20%), reflection, guardian spirit
@: berserking, corroded, very quick
A: horns 2, retaliatory headbutt, clumsy 1, deformed body, frail 1, subdued
magic 1
}: 1/15 runes: serpentine
a: Renounce Religion, Berserk, Trog's Hand, Brothers in Arms


You were on level 5 of the Pits of Slime.
You worshipped Trog.
Trog was exalted by your worship.
You visited 5 branches of the dungeon, and saw 31 of its levels.
You also visited: Bailey and Ice Cave.

You collected 3046 gold pieces.
You spent 2238 gold pieces at shops.

Inventory:

Hand Weapons
 a - a +9 hand axe of freezing
 h - a +8 battleaxe
 j - the +2 mace of Jataaq {flame, rPois rC+ rN+ Int+2}
   (You found it on level 2 of the Dungeon)

   Int:       It affects your intelligence (+2).
   rC:        It protects you from cold.
   rPois:     It protects you from poison.
   rN:        It protects you from negative energy.
 p - a +3 antimagic broad axe
 A - the +6 hand axe "Roesufes" (weapon) {flame, rElec rCorr}
   (Trog gifted it to you on level 2 of the Pits of Slime)

   rElec:     It insulates you from electricity.
   rCorr:     It protects you from acid and corrosion.
 O - the +4 falchion of Hulant {holy, rElec rF+ Int+2}
   (You bought it in a shop on level 2 of the Orcish Mines)

   Int:       It affects your intelligence (+2).
   rF:        It protects you from fire.
   rElec:     It insulates you from electricity.
 W - a +0 shortbow of flaming
 X - a +3 broad axe of flaming
Armour
 d - a +2 pair of boots
 e - the +0 pair of boots of Harruydo (worn) {rPois Dex+3}
   (You acquired it in a bailey)

   Dex:       It affects your dexterity (+3).
   rPois:     It protects you from poison.
 f - a +2 tower shield of fire resistance
 l - the +5 buckler of Ruigy (worn) {Str+3}
   (You acquired it in a bailey)

   Str:       It affects your strength (+3).
 q - the +1 ring mail "Semos" {rN++ Regen+}
   (You found it on level 3 of the Dungeon)

   rN:        It greatly protects you from negative energy.
   Regen:     It increases your rate of health regeneration.
 t - a +1 tower shield of positive energy
 u - a +2 hat
 v - the +2 hat of the Bear Spirit (worn) {Spirit, Bear, *Rage Will++}
   (You bought it in a shop on level 10 of the Dungeon)

   Bear:      Going berserk makes the wearer exceptionally tough, and they are
   slowed for a shorter time afterward.
   *Rage:     It berserks you when you make melee attacks (+20% chance).
   Will:      It greatly increases your willpower.
 D - a +0 pair of gloves (worn)
 N - a +4 crystal plate armour (worn)
Jewellery
 b - a ring of poison resistance
 w - a ring of ice
 y - a +5 ring of evasion
 C - an amulet of regeneration
 K - an amulet of reflection (around neck)
 L - a ring of resist corrosion (left hand)
 V - a +4 ring of protection (right hand)
Wands
 o - a wand of mindburst (13)
 z - a wand of digging (7)
 B - a wand of charming (30)
 G - a wand of flame (30)
 J - a wand of quicksilver (6)
 U - a wand of roots (11)
Scrolls
 g - 6 scrolls of blinking
 i - 10 scrolls of fear
 m - 12 scrolls of teleportation
 n - 6 scrolls of poison
 I - 2 scrolls of magic mapping
 Q - a scroll of silence
 S - 6 scrolls of identify
Potions
 c - 5 potions of flight
 k - 5 potions of berserk rage
 r - 9 potions of curing
 s - 2 potions of haste
 x - 3 potions of mutation
 M - a potion of heal wounds
 P - 4 potions of resistance


   Skills:
 - Level 17.0 Fighting
 - Level 15.6(19.2) Axes
 - Level 18.4(20.6) Maces & Flails
 + Level 12.4 Ranged Weapons
 - Level 17.0 Armour
 - Level 12.9 Dodging
 - Level 14.9 Shields


You had 17 spell levels left.
You didn't know any spells.
Your spell library was empty.

Dungeon Overview and Level Annotations

Branches:
Dungeon (15/15)            Temple (0/1) D:7            Lair (5/5) D:11
 Shoals (0/4) Lair:2        Snake (4/4) Lair:2        Slime (5/5) Lair:4
    Orc (2/2) D:12            Elf (0/3) Orc:2        Vaults (0/5) D:14
 Depths (0/4) D:15         Bailey (visited)           IceCv (visited)

Altars:
Makhleb
Qazlal
Sif Muna
Trog
Vehumet
Wu Jian
Jiyva

Shops:
D:3 [*[*   D:6 :   D:10 [   D:11 !   Orc:1 ?   Orc:2 !=([   Snake:1 [

Annotations:
Slime:5 Royal Jelly


Innate Abilities, Weirdness & Mutations

You have a pair of horns on your head.
You reflexively headbutt those who attack you in melee.
You are clumsy. (Dex -2)
Armour fits poorly on your strangely shaped body.
You are frail. (-10% HP)
Your spells are a little easier to cast, but a little less powerful.


Message History

You slash the azure jelly! You burn the azure jelly.
You feel the power of Trog in you as your rage grows.
You kill the azure jelly!
That felt strangely unrewarding.
You hit the azure jelly but do no damage.
You hit the acid blob. You burn the acid blob.
Your hands burn!
You completely miss the rockslime.
The rockslime is moderately wounded.
You slash the acid blob! You burn the acid blob.
Your hands burn!
You hit the azure jelly but do no damage.
You hit the Royal Jelly but do no damage.
Your hands burn!
The Royal Jelly is heavily wounded.
You slash the acid blob! You burn the acid blob!
Your hands burn!
You barely miss the rockslime. You barely miss the azure jelly.
The azure jelly hits you! The azure jelly freezes you!!
* * * LOW HITPOINT WARNING * * *
The azure jelly hits you.
* * * LOW HITPOINT WARNING * * *
The azure jelly freezes you!!
* * * LOW HITPOINT WARNING * * *
You block the azure jelly's attack.
The azure jelly hits you but does no damage.
The rockslime hits you.
* * * LOW HITPOINT WARNING * * *
You stumble backwards!
You block the Royal Jelly's attack. x2
You slice the Royal Jelly!! You burn the Royal Jelly!
Your hands burn!
* * * LOW HITPOINT WARNING * * *
The Royal Jelly is severely wounded.
You hit the rockslime. You slash the acid blob! You burn the acid blob.
Your hands burn!
* * * LOW HITPOINT WARNING * * *
The Royal Jelly shudders violently.
The Royal Jelly spits out three more jellies.
The rockslime hits you.
* * * LOW HITPOINT WARNING * * *
You hold your ground!
You block the acid blob's attack. The Royal Jelly hits you!!
You die...

........#.....###
................###
..................#
..................###
....................#
....C..............#
......JJ.........J.####
...............JJJJ...####
.......J........@J....#..##
................JJ........#
........................#.
........................
...............G.....
....................
##.................
##................
##...........^...


You could see the Royal Jelly, 3 acid blobs, an azure jelly, a great orb of
eyes, 2 rockslimes and a quicksilver ooze.

Vanquished Creatures
  Vashnia (Snake:3)
  Jorgrun (Snake:3)
  A lich (IceCv)
  Asterion (Snake:3)
  14 acid blobs
  Gastronok (Lair:1)
  Donald (Snake:4)
  2 rockslimes
  8 azure jellies
  Aizul (Snake:3)
  An orc warlord (Bailey)
  6 quicksilver oozes
  A very ugly thing (IceCv)
  A dire elephant (D:15)
  An ettin (Orc:2)
  A great orb of eyes (Slime:2)
  A vault guard (D:14)
  7 hydras
  An ice dragon (Lair:3)
  7 salamander tyrants
  2 caustic shrike simulacra (IceCv)
  A death knight (D:14)
  An ogre mage (D:15)
  9 two-headed ogres
  9 anacondas
  4 boulder beetles
  2 catoblepae
  A centaur warrior (D:15)
  19 naga warriors
  2 tengu warriors
  3 orc high priests (Orc:2)
  17 naga sharpshooters
  Urug (Lair:4)
  8 shock serpents
  6 salamander mystics
  A sea snake (Snake:4)
  5 skeletal warriors (D:15)
  An obsidian statue (IceCv)
  4 bog bodies (IceCv)
  6 naga ritualists
  2 spriggan simulacra (IceCv)
  9 mana vipers
  A necromancer (IceCv)
  2 deep elf pyromancers
  5 orc knights (Orc:2)
  A wizard (D:15)
  2 shining eyes
  5 orc sorcerers (Orc:2)
  5 cyclopes
  7 manticores
  16 salamanders
  12 ugly things
  5 oklob plants
  18 elephants
  A guardian serpent (shapeshifter) (D:14)
  45 black mambas
  17 naga magi
  12 guardian serpents
  3 gargoyles
  9 cane toads
  A cane toad (shapeshifter) (D:14)
  2 anaconda simulacra (IceCv)
  3 unseen horrors
  2 rime drakes
  10 komodo dragons
  An ice devil (IceCv)
  2 tengu conjurers
  19 freezing wraiths
  2 golden dragon simulacra (IceCv)
  5 trolls
  3 hornets
  7 polar bears
  17 blink frogs
  3 meliai (D:13)
  3 dream sheep (Lair:5)
  68 slime creatures
  A jumping spider (shapeshifter) (D:14)
  2 shadows
  4 water elementals (D:12)
  2 wraiths
  A vampire (D:12)
  10 spriggans (Lair:5)
  3 dire elephant simulacra (IceCv)
  7 wyverns
  2 unseen horror simulacra (D:9)
  3 basilisks
  3 fire bats (Orc:1)
  12 golden eyes
  3 steam dragons
  42 yaks
  16 vampire mosquitoes
  6 harpy simulacra (IceCv)
  43 nagas
  A warg (Orc:2)
  A hydra simulacrum (IceCv)
  2 acid dragons (D:10)
  23 water moccasins
  20 orc warriors
  2 alligator simulacra (IceCv)
  An ice beast (D:6)
  A sky beast (D:6)
  4 black bears
  6 ogres
  2 boggarts (Lair:5)
  13 wolves (Lair:5)
  7 centaurs
  11 bullfrogs
  5 kobold brigands
  A necrophage (D:5)
  A gnoll sergeant (D:12)
  3 scorpions
  3 deep troll simulacra (IceCv)
  11 wights
  An electric eel (Lair:1)
  2 lindwurm simulacra (IceCv)
  A hound (D:5)
  15 orc priests
  A sleepcap (D:6)
  12 jellies
  5 hell rats
  2 iguanas (D:6)
  10 orc wizards
  A hound skeleton (D:5)
  5 adders
  14 gnolls
  A shadow imp (D:5)
  2 ufetubi
  3 worms
  9 dart slugs (D:4)
  53 orcs
  5 ball pythons
  5 bats
  19 endoplasms
  4 giant cockroaches
  21 goblins
  16 hobgoblins
  10 jackals
  4 quokkas
  A frilled lizard (D:1)
  33 kobolds
  6 rats
  A spectral weapon (Snake:3)
1025 creatures vanquished.

Vanquished Creatures (collateral kills)
  An acid blob (Slime:5)
  A salamander tyrant (Snake:4)
  A naga warrior (Snake:4)
  A naga sharpshooter (Snake:4)
  A skeletal warrior (D:14)
  A cyclops (D:14)
  2 salamanders (Snake:4)
  A naga mage (Snake:4)
  A freezing wraith (D:14)
  6 slime creatures (Slime:5)
  2 spriggans (Lair:5)
  3 yaks (Lair:5)
  A water moccasin (Lair:5)
  A black bear (Lair:5)
  2 boggarts (Lair:5)
  A wolf (Lair:5)
26 creatures vanquished.

Vanquished Creatures (others)
  A mana viper (Snake:4)
  An orc wizard (Orc:2)
  An orc (D:9)
3 creatures vanquished.

Grand Total: 1054 creatures vanquished

Notes
Turn   | Place    | Note
-------+----------+-------------------------------------------
     0 | D:1      | hamfred the Minotaur Berserker began the quest for the Orb.
     0 | D:1      | Reached XP level 1. HP: 19/19 MP: 0/0
    50 | D:1      | Found a faded altar of an unknown god.
   334 | D:1      | Reached XP level 2. HP: 21/27 MP: 1/1
   974 | D:2      | Identified the +2 mace of Jataaq {flame, rPois rC+ rN+
                  | Int+2}
  1159 | D:2      | Reached skill level 1 in Maces & Flails
  1159 | D:2      | Reached XP level 3. HP: 24/33 MP: 2/2
  1159 | D:2      | Reached ** piety under Trog
  1160 | D:2      | Reached skill level 2 in Maces & Flails
  1165 | D:2      | Reached skill level 3 in Maces & Flails
  1296 | D:2      | Reached XP level 4. HP: 29/40 MP: 3/3
  1901 | D:3      | Found Estrag's General Store.
  1909 | D:3      | Bought a scroll of enchant weapon for 82 gold pieces
  1955 | D:3      | Identified the +1 ring mail "Semos" {rN++ Regen+}
  1993 | D:3      | Found Bousunof's Antique Armour Shoppe.
  2015 | D:3      | Reached skill level 4 in Maces & Flails
  2291 | D:3      | Found Adghukki's Armour Emporium.
  2336 | D:3      | Found Ulox's Assorted Antiques.
  2339 | D:3      | Bought a scroll of identify for 58 gold pieces
  2378 | D:3      | Reached XP level 5. HP: 42/46 MP: 4/4
  2497 | D:3      | Reached *** piety under Trog
  2670 | D:4      | Found a bloodstained altar of Trog.
  2673 | D:4      | Noticed an ogre
  2688 | D:4      | Killed an ogre
  2689 | D:4      | Reached skill level 5 in Maces & Flails
  2689 | D:4      | Reached XP level 6. HP: 24/53 MP: 5/5
  2885 | D:4      | Found a radiant altar of Vehumet.
  2921 | D:4      | Reached skill level 5 in Fighting
  2921 | D:4      | Reached skill level 6 in Maces & Flails
  2953 | D:4      | Reached **** piety under Trog
  3276 | D:5      | Entered Level 5 of the Dungeon
  3277 | D:5      | Identified the staff of death "Pategu" {rF+ rC- rN+ Int-2
                  | Dex+7}
  3291 | D:5      | Reached XP level 7. HP: 61/61 MP: 6/6
  3489 | D:5      | Reached skill level 7 in Maces & Flails
  3848 | D:5      | Reached skill level 5 in Armour
  3849 | D:5      | Found a burning altar of Makhleb.
  4127 | D:6      | Reached skill level 8 in Maces & Flails
  4174 | D:6      | Identified the +1 ring mail of Instinct {*Slow +Blink rN+
                  | MP+9}
  4185 | D:6      | Reached XP level 8. HP: 70/70 MP: 7/7
  4296 | D:6      | Found Uxaamung's Vocational Training.
  4897 | D:7      | Found an ornate altar of the Wu Jian Council.
  4904 | D:7      | Reached skill level 9 in Maces & Flails
  5026 | D:7      | You fall into a shaft and drop 2 floors!
  5653 | D:7      | Found a staircase to the Ecumenical Temple.
  5843 | D:8      | Noticed a hornet
  5856 | D:8      | Killed a hornet
  5857 | D:8      | Reached skill level 10 in Maces & Flails
  5857 | D:8      | Reached XP level 9. HP: 79/79 MP: 8/8
  6110 | D:8      | Reached ***** piety under Trog
  7150 | D:9      | Reached skill level 11 in Maces & Flails
  7205 | D:9      | Found a stormy altar of Qazlal.
  7559 | D:9      | Noticed a four-headed hydra
  7873 | D:9      | Reached skill level 5 in Dodging
  7958 | D:9      | Killed a four-headed hydra
  7959 | D:9      | Reached skill level 12 in Maces & Flails
  7959 | D:9      | Reached XP level 10. HP: 90/90 MP: 9/9
  8051 | D:10     | Entered Level 10 of the Dungeon
  8052 | D:10     | Found Vuehe's Antique Armour Emporium.
  8079 | D:10     | Noticed a gargoyle
  8100 | D:10     | Killed a gargoyle
  8119 | D:10     | Found a flagged portal.
  8127 | Bailey   | Entered a bailey
  8458 | Bailey   | Noticed an orc warlord
  8480 | Bailey   | Killed an orc warlord
  8627 | Bailey   | Acquired the +0 pair of boots of Harruydo {rPois Dex+3}
  8633 | Bailey   | Acquired the +5 buckler of Ruigy {Str+3}
  8707 | D:10     | Reached skill level 13 in Maces & Flails
  8864 | D:10     | Reached skill level 1 in Shields
  9179 | D:10     | Found a shimmering blue altar of Sif Muna.
  9387 | D:10     | Identified the +5 short sword "Licse" {drain, rPois MP+9}
  9682 | D:11     | Found Siyfudgh's Distillery.
  9682 | D:11     | Noticed a manticore
  9694 | D:11     | Killed a manticore
  9698 | D:11     | Bought a potion of heal wounds for 70 gold pieces
  9698 | D:11     | Bought a potion of resistance for 140 gold pieces
  9823 | D:11     | Reached skill level 10 in Fighting
  9824 | D:11     | Reached XP level 11. HP: 98/99 MP: 10/10
  9869 | D:11     | Reached skill level 5 in Shields
  9874 | D:11     | Reached skill level 10 in Armour
  9895 | D:11     | Found a staircase to the Lair.
 10383 | D:11     | Reached skill level 14 in Maces & Flails
 10796 | Lair:1   | Entered Level 1 of the Lair of Beasts
 10815 | Lair:1   | Noticed Gastronok
 11217 | Lair:1   | Killed Gastronok
 11613 | Lair:1   | Reached XP level 12. HP: 110/110 MP: 11/11
 11664 | Lair:1   | Reached skill level 15 in Maces & Flails
 12181 | Lair:2   | You fall into a shaft and drop 2 floors!
 12181 | Lair:4   | Noticed Urug
 12603 | Lair:2   | Reached skill level 16 in Maces & Flails
 12743 | Lair:2   | Found a staircase to the Snake Pit.
 13227 | Lair:2   | Found a staircase to the Shoals.
 13694 | Lair:3   | Noticed a catoblepas
 13714 | Lair:3   | Killed a catoblepas
 13827 | Lair:3   | Reached XP level 13. HP: 115/119 MP: 12/12
 14365 | Lair:3   | Identified the staff of poison "Jasy" {rPois Str+3 Stlth+}
 14735 | Lair:4   | Killed Urug
 14855 | Lair:4   | Reached skill level 17 in Maces & Flails
 15027 | Lair:4   | Received a gift from Trog
 15367 | Lair:4   | Found a viscous altar of Jiyva.
 15367 | Lair:4   | Found a staircase to the Slime Pits.
 15604 | Lair:4   | Reached ****** piety under Trog
 16306 | Lair:5   | Entered Level 5 of the Lair of Beasts
 16521 | Lair:5   | Reached skill level 10 in Shields
 17072 | Lair:5   | Reached skill level 18 in Maces & Flails
 17382 | Lair:5   | Reached XP level 14. HP: 110/129 MP: 13/13
 18395 | D:12     | Found a staircase to the Orcish Mines.
 18629 | D:12     | Received a gift from Trog
 18826 | D:12     | Reached skill level 5 in Axes
 19509 | D:13     | Identified the +1 robe "Jiczix" {Drain +Inv rF+++ rC-}
 21129 | D:14     | Found a gate to the Vaults.
 21178 | D:15     | Entered Level 15 of the Dungeon
 21221 | D:15     | Reached XP level 15. HP: 117/139 MP: 14/14
 21798 | D:15     | Found a staircase to the Depths.
 22275 | D:15     | Reached skill level 10 in Dodging
 22845 | Orc:1    | Entered Level 1 of the Orcish Mines
 22919 | Orc:1    | Found Awoukiqu's Magic Scroll Shop.
 22924 | Orc:1    | Bought a scroll of enchant weapon for 112 gold pieces
 23042 | Orc:1    | Reached skill level 10 in Axes
 23049 | Orc:1    | Received a gift from Trog
 23266 | Orc:2    | Entered Level 2 of the Orcish Mines
 23494 | Orc:2    | Reached skill level 15 in Fighting
 23707 | Orc:2    | Found a staircase to the Elven Halls.
 24061 | Orc:2    | Reached skill level 15 in Armour
 24318 | Orc:2    | Found Xumiexum's Distillery.
 24318 | Orc:2    | Found Ulodij's Jewellery Emporium.
 24320 | Orc:2    | Found Koesseu's Antique Weapon Boutique.
 24320 | Orc:2    | Found Vemoan's Antique Armour Emporium.
 24328 | Orc:2    | Bought a glowing broad axe for 175 gold pieces
 24328 | Orc:2    | Bought an iridescent falchion for 200 gold pieces
 24328 | Orc:2    | Identified the +4 falchion of Hulant {holy, rElec rF+
                  | Int+2} (You bought it in a shop on level 2 of the Orcish
                  | Mines)
 24332 | Orc:2    | Bought a ring of resist corrosion for 320 gold pieces
 24955 | Snake:1  | Entered Level 1 of the Snake Pit
 24955 | Snake:1  | Found Fengenonk's Antique Armour Shop.
 26548 | Snake:2  | Found a frozen archway.
 26548 | Snake:2  | Noticed an azure jelly
 26559 | Snake:2  | Killed an azure jelly
 26560 | Snake:2  | Reached XP level 16. HP: 104/149 MP: 15/15
 26575 | IceCv    | Entered an ice cave
 27256 | IceCv    | Noticed a lich
 27266 | IceCv    | Killed a lich
 27651 | IceCv    | Found an ancient bone altar of Kikubaaqudgha.
 27674 | IceCv    | Received a gift from Trog
 29132 | Snake:3  | Noticed Aizul
 29152 | Snake:3  | Killed Aizul
 29360 | Snake:3  | Identified the +6 battleaxe "Riaxirol" {heavy, *Corrode
                  | Will++ Str+2 Stlth+} (Trog gifted it to you on level 3 of
                  | the Snake Pit)
 29360 | Snake:3  | Received a gift from Trog
 29722 | Snake:3  | Noticed Jorgrun
 29740 | Snake:3  | Killed Jorgrun
 30015 | Snake:3  | Noticed Asterion
 30035 | Snake:3  | Killed Asterion
 30263 | Snake:3  | Reached XP level 17. HP: 159/159 MP: 16/16
 30382 | Snake:3  | Noticed Vashnia
 30850 | Snake:3  | Killed Vashnia
 31205 | Snake:4  | Entered Level 4 of the Snake Pit
 31373 | Snake:4  | Received a gift from Trog
 31896 | Snake:4  | Reached skill level 15 in Axes
 32445 | Snake:4  | Noticed Donald
 32465 | Snake:4  | Killed Donald
 32824 | Snake:4  | Received a gift from Trog
 32907 | Snake:4  | Reached skill level 1 in Ranged Weapons
 33697 | Snake:4  | Reached skill level 5 in Ranged Weapons
 33839 | Snake:4  | Got a serpentine rune of Zot
 34224 | Slime:1  | Entered Level 1 of the Pits of Slime
 34245 | Slime:1  | Noticed an acid blob
 34313 | Slime:1  | Noticed an acid blob
 34331 | Slime:1  | Killed an acid blob
 34453 | Slime:1  | Noticed an acid blob
 34462 | Slime:1  | Killed an acid blob
 34664 | Slime:1  | Gained mutation: You are clumsy. (Dex -2) [a shining eye]
 34668 | Slime:1  | Gained mutation: You are frail. (-10% HP) [a shining eye]
 34676 | Slime:1  | Noticed an acid blob
 34689 | Slime:1  | Killed an acid blob
 34690 | Slime:1  | Reached XP level 18. HP: 118/152 MP: 17/17
 34932 | D:10     | Bought the +2 hat of the Bear Spirit {Spirit, Bear, *Rage
                  | Will++} for 1081 gold pieces
 34932 | D:10     | Found the +2 hat of the Bear Spirit {Spirit, Bear, *Rage
                  | Will++}
 35684 | Slime:2  | Identified the +6 hand axe "Roesufes" {flame, rElec rCorr}
                  | (Trog gifted it to you on level 2 of the Pits of Slime)
 35684 | Slime:2  | Received a gift from Trog
 35944 | Slime:2  | Reached skill level 10 in Ranged Weapons
 36662 | Slime:5  | Entered Level 5 of the Pits of Slime
 36678 | Slime:5  | Gained mutation: Armour fits poorly on your strangely
                  | shaped body. [a shining eye]
 36680 | Slime:5  | Gained mutation: Your spells are a little easier to cast,
                  | but a little less powerful. [a shining eye]
 36729 | Slime:5  | HP: 5/152 [acid blob/splash of acid (11)]
 37072 | Slime:5  | Noticed the Royal Jelly
 37652 | Slime:5  | Slain by the Royal Jelly

Illustrated notes

Levels and vault maps discovered:
D:1:      lightli_arrival_flooded_house, layout_loops_corners,
          hellmonk_ecumenical_altar_zigzags
D:2:      layout_basic
D:3:      layout_basic, serial_shops, nicolae_shop_real_fake_doors, shop, shop,
          shop_fountains
D:4:      kennysheep_slugbush, layout_rooms, nicolae_vehumet_radiance,
          mainiacjoe_overflow_small_starburst
D:5:      layout_loops_cross, makhleb_blood_cavern_becter,
          dreamdust_wishing_well, chequers_serial_rivers_micro_e
D:6:      layout_basic, minivault_1, minmay_misc_feat_ornament,
          nicolae_shop_vocational
D:7:      layout_basic, mainiacjoe_overflow_24_doors,
          minmay_temple_entry_poolview, chequers_serial_rivers_room_a,
          kennysheep_boxes
D:8:      layout_gridville
D:9:      layout_cave_pods, mainiacjoe_overflow_alcove_2, grunt_tough_drop
D:10:     layout_basic, mainiacjoe_overflow_concentric_impassable,
          enter_bailey_2, serial_shops, nicolae_square_shop
D:11:     layout_basic, due_lair_maze_entry_diamond, serial_shops, shop
D:12:     layout_irregular_city, orc_0_dummy, nicolae_underground_beach
D:13:     layout_loops_cross
D:14:     layout_roguey, david_vaults_5, hex_tiny, lemuel_flamethrower_1
D:15:     hangedman_depths_entry_try_elsewhere_first, layout_basic,
          serial_park_square3 [serial_park_minivault_5x5_5]
Lair:1:   layout_regular_city, st_stairs_7, serial_bayou_lagoon_b,
          uniq_gastronok
Lair:2:   layout_loops_ring, elwin_shoals_entry_rooms,
          minmay_snake_entry_six_corridors
Lair:3:   dragon1_lemuel, layout_cave_pods, wad_woods_river_01
Lair:4:   lemuel_slime, layout_cellular_growth, minmay_slime_entry_oklob_open,
          infiniplex_staircase_pool, serial_bayou_shore_a, grunt_megastairs_3,
          uniq_urug
Lair:5:   minmay_lair_end_enchanted_forest, layout_misc_corridors
Snake:1:  kennysheep_six_static_rooms, layout_grid_maze, serial_shops,
          nicolae_shop_crystal, nicolae_snake_round_shape_thing
Snake:2:  layout_layer_cave, portal_ice_cave_entry_frozen_things
Snake:3:  layout_gridlike, nicolae_snake_double_loop, uniq_aizul, uniq_vashnia,
          uniq_jorgrun, uniq_asterion
Snake:4:  grunt_snake_rune_pools, layout_grid_maze, minmay_snake_pond,
          uniq_donald
Slime:1:  layout_caves
Slime:2:  layout_caves
Slime:3:  layout_caves, uniq_dissolution
Slime:4:  layout_caves
Slime:5
Orc:1:    layout_caves, serial_shops, nicolae_shop_rolling_square,
          nicolae_orc_lava_tube
Orc:2:    grunt_orc_tribal_feast, layout_caves, nicolae_orc_damp_corner,
          mines3_lemuel

Skill      XL: |  1  2  3  4  5  6  7  8  9 10 11 12 13 14 15 16 17 18 |
---------------+-------------------------------------------------------+-----
Maces & Flails | 1 3 4 5 6 8 10 12 13 14 16 18 | 18.4
Fighting       | 4 5 6 7 8 10 11 12 13 14 15 16 17 | 17.0
Armour         | 3 4 5 7 8 9 11 12 13 14 15 16 17 | 17.0
Dodging        | 3 5 6 8 9 10 12 | 12.9
Shields        | 3 7 9 10 11 13 14 | 14.9
Axes           | 8 11 14 15 | 15.6
Ranged Weapons | 7 12 | 12.4

Action                     |  1- 3 |  4- 6 |  7- 9 | 10-12 | 13-15 | 16-18 || total
---------------------------+-------+-------+-------+-------+-------+-------++-------
  Melee: Hand axe          |    43 |       |       |       |   887 |  1200 ||  2130
         Headbutt          |     4 |    18 |    43 |   176 |   405 |   342 ||   988
         Mace              |    21 |   123 |   248 |   732 |   598 |       ||  1722
         Punch             |     1 |     2 |     5 |     1 |       |       ||     9
         Broad axe         |       |       |       |       |       |    15 ||    15
   Fire: Sling             |       |     7 |       |       |       |       ||     7
 Invoke: Berserk           |     1 |     1 |     3 |     4 |     6 |     9 ||    24
         Trog's Hand       |       |       |     2 |     1 |     3 |       ||     6
         Brothers in Arms  |       |       |       |       |     2 |     3 ||     5
  Evoke: Wand              |       |       |       |       |       |     2 ||     2
    Use: Scroll            |       |     8 |     5 |     3 |    22 |     5 ||    43
         Potion            |       |       |     1 |     1 |     5 |     9 ||    16
   Stab: Petrified         |       |       |       |     2 |     1 |       ||     3
         Petrifying        |       |       |       |     1 |     1 |       ||     2
         Distracted        |       |       |       |       |       |     1 ||     1
 Armour: Animal skin       |     4 |       |       |       |       |       ||     4
         Ring mail         |    15 |    36 |    46 |       |       |       ||    97
         Plate armour      |       |       |    29 |    13 |       |       ||    42
         Crystal plate arm |       |       |       |   202 |   476 |   435 ||  1113
  Dodge: Dodged            |    50 |    75 |   150 |   178 |   283 |   278 ||  1014
  Block: Other             |       |       |     3 |     6 |       |       ||     9
         Buckler           |       |       |       |   358 |   876 |   846 ||  2080
         Reflection        |       |       |       |    12 |    37 |   110 ||   159
